[ AOE2 MATCH · #472661313 ]
UnrankedCelts vs Bohemians
[ REPLAY ANALYSIS · EXTRACTED FROM THE RECORDED GAME ]
Feudal
11:31
Castle
15:24
Imperial
30:38
| APM avg | 21.7 |
| APM peak | 40 |
| eAPM avg | 15.9 |
| Villagers / military | 113 / 259 |
Focus
⚔️ 31.2% · 🌾 68.8%
Spearman ×152 · Scorpion ×36 · Woad Raider ×30 · Mangonel ×23 · Battering Ram ×13 · Trebuchet (Packed) ×4
Feudal
13:55
Castle
18:48
Imperial
36:36
| APM avg | 21.8 |
| APM peak | 51 |
| eAPM avg | 13.0 |
| Villagers / military | 168 / 48 |
Focus
⚔️ 20.1% · 🌾 79.9%
Bombard Cannon ×15 · Hand Cannoneer ×14 · Mangonel ×12 · Scout Cavalry ×5 · Monk ×1 · Spearman ×1
Feudal
—
Castle
—
Imperial
—
| APM avg | 13.9 |
| APM peak | 36 |
| eAPM avg | 10.3 |
| Villagers / military | 125 / 196 |
Focus
⚔️ 29.5% · 🌾 70.5%
Spearman ×76 · Scout Cavalry ×65 · Knight ×54 · Trade Cart ×2 · Monk ×1
Feudal
15:10
Castle
26:43
Imperial
42:47
| APM avg | 8.2 |
| APM peak | 22 |
| eAPM avg | 6.7 |
| Villagers / military | 46 / 31 |
Focus
⚔️ 25.8% · 🌾 74.2%
Battle Elephant ×25 · Trade Cart ×8 · Trebuchet (Packed) ×3 · Knight ×2 · Monk ×1
Feudal
12:42
Castle
23:57
Imperial
51:18
| APM avg | 23.9 |
| APM peak | 87 |
| eAPM avg | 9.6 |
| Villagers / military | 69 / 59 |
Focus
⚔️ 27.6% · 🌾 72.4%
Camel Scout ×37 · Knight ×22
Feudal
12:45
Castle
19:06
Imperial
36:22
| APM avg | 19.8 |
| APM peak | 70 |
| eAPM avg | 16.4 |
| Villagers / military | 147 / 141 |
Focus
⚔️ 32.2% · 🌾 67.8%
Militia ×100 · Spearman ×13 · Centurion ×11 · Mangonel ×9 · Trade Cart ×8 · Scorpion ×7
Match map
Initial resources + every placement click. Lines = walls · curves = elevation contours. ◆ gold · ⬟ stone · ● berries · ✦ relic · ◌ wall gap
Your base· ✓ Closed at 15:24 · 0t walls · fragile
♛PePão♛'s base· ✓ Closed at 18:48 · 20t walls · 3 gate(s)
RodrigoOBOMM's base· ✓ Closed at 20:15 · 0t walls · no gate
Evy's base· ✓ Closed at 26:43 · 85t walls · no gate
F31740's base· ✓ Closed at 23:57 · 111t walls · no gate
Krizao's base· ✓ Closed at 19:06 · 61t walls · 5 gate(s)
Smoothed initial terrain · ◌ = detected wall gap · hover for details
Inputs per minute
— urso - - ♛PePão♛
Build order — urso
First 150 of 369 actions detected
| 0:03 | Create | Villager (Male) |
| 0:03 | Create | Villager (Male) |
| 0:03 | Create | Villager (Male) |
| 0:05 | Build | House |
| 0:06 | Build | House |
| 0:39 | Create | Villager (Male) |
| 1:37 | Create | Villager (Male) |
| 2:15 | Create | Villager (Male) |
| 2:26 | Create | Villager (Male) |
| 2:50 | Build | Lumber Camp |
| 2:52 | Create | Villager (Male) |
| 3:26 | Create | Villager (Male) |
| 3:43 | Build | House |
| 3:53 | Create | Villager (Male) |
| 4:02 | Create | Villager (Male) |
| 4:30 | Create | Villager (Male) |
| 4:58 | Create | Villager (Male) |
| 5:23 | Create | Villager (Male) |
| 5:50 | Create | Villager (Male) |
| 5:50 | Create | Villager (Male) |
| 5:59 | Build | Mill |
| 6:06 | Create | Villager (Male) |
| 6:10 | Build | House |
| 6:34 | Create | Villager (Male) |
| 7:13 | Create | Villager (Male) |
| 7:36 | Research | Loom |
| 7:39 | Create | Villager (Male) |
| 7:55 | Create | Villager (Male) |
| 8:01 | Create | Villager (Male) |
| 8:29 | Research | Feudal Age |
| 8:44 | Build | Mining Camp |
| 9:45 | Build | Farm |
| 10:10 | Build | House |
| 10:11 | Build | House |
| 11:12 | Create | Villager (Male) |
| 11:31 | Age | Feudal Age |
| 11:34 | Build | Market |
| 11:37 | Build | Blacksmith |
| 11:41 | Create | Villager (Male) |
| 12:44 | Research | Castle Age |
| 13:02 | Research | Horse Collar |
| 13:23 | Build | Farm |
| 14:07 | Research | Double-Bit Axe |
| 14:40 | Build | House |
| 14:40 | Build | House |
| 14:45 | Research | Wheelbarrow |
| 15:24 | Age | Castle Age |
| 15:26 | Build | Town Center |
| 15:32 | Build | Town Center |
| 15:33 | Create | Villager (Male) |
| 15:40 | Build | House |
| 16:31 | Create | Villager (Male) |
| 16:45 | Build | Farm |
| 16:59 | Create | Villager (Male) |
| 17:00 | Create | Villager (Male) |
| 17:07 | Research | Heavy Plow |
| 17:15 | Create | Villager (Male) |
| 17:30 | Build | Town Center |
| 17:35 | Create | Villager (Male) |
| 17:35 | Create | Villager (Male) |
| 17:40 | Build | Farm |
| 17:41 | Build | Farm |
| 17:48 | Create | Villager (Male) |
| 18:06 | Create | Villager (Male) |
| 18:09 | Create | Villager (Male) |
| 18:13 | Build | Farm |
| 18:14 | Build | Farm |
| 18:15 | Build | Farm |
| 18:36 | Create | Villager (Male) |
| 18:43 | Build | Farm |
| 18:45 | Create | Villager (Male) |
| 18:46 | Create | Villager (Male) |
| 19:04 | Create | Villager (Male) |
| 19:06 | Create | Villager (Male) |
| 19:16 | Build | Farm |
| 19:19 | Build | Farm |
| 19:20 | Build | Farm |
| 19:20 | Build | Farm |
| 19:20 | Build | Farm |
| 19:20 | Build | Farm |
| 19:21 | Build | Farm |
| 19:21 | Build | Farm |
| 19:21 | Build | Farm |
| 19:24 | Create | Villager (Male) |
| 19:33 | Create | Villager (Male) |
| 19:39 | Create | Villager (Male) |
| 19:54 | Create | Villager (Male) |
| 19:59 | Build | House |
| 19:59 | Build | House |
| 20:02 | Build | House |
| 20:07 | Create | Villager (Male) |
| 20:13 | Create | Villager (Male) |
| 20:16 | Create | Villager (Male) |
| 20:18 | Create | Villager (Male) |
| 20:26 | Create | Villager (Male) |
| 20:38 | Create | Villager (Male) |
| 20:40 | Create | Villager (Male) |
| 20:45 | Build | Farm |
| 20:45 | Build | Farm |
| 20:47 | Create | Villager (Male) |
| 20:59 | Create | Villager (Male) |
| 21:01 | Create | Villager (Male) |
| 21:13 | Create | Villager (Male) |
| 21:15 | Build | Farm |
| 21:17 | Build | Farm |
| 21:17 | Build | Farm |
| 21:20 | Build | Farm |
| 21:20 | Build | Farm |
| 21:21 | Build | Farm |
| 21:21 | Build | Farm |
| 21:23 | Create | Villager (Male) |
| 21:24 | Create | Villager (Male) |
| 21:30 | Create | Villager (Male) |
| 21:34 | Build | House |
| 21:35 | Build | House |
| 21:38 | Build | Monastery |
| 21:44 | Create | Villager (Male) |
| 21:49 | Create | Villager (Male) |
| 21:53 | Build | Farm |
| 22:02 | Build | Town Center |
| 22:03 | Create | Villager (Male) |
| 22:04 | Create | Villager (Male) |
| 22:11 | Create | Villager (Male) |
| 22:16 | Build | Farm |
| 22:21 | Create | Villager (Male) |
| 22:22 | Create | Villager (Male) |
| 22:32 | Create | Villager (Male) |
| 22:48 | Create | Villager (Male) |
| 22:49 | Create | Villager (Male) |
| 22:51 | Create | Villager (Male) |
| 23:02 | Build | Farm |
| 23:02 | Build | Farm |
| 23:03 | Build | Farm |
| 23:06 | Create | Villager (Male) |
| 23:08 | Create | Villager (Male) |
| 23:10 | Create | Villager (Male) |
| 23:13 | Create | Villager (Male) |
| 23:16 | Build | House |
| 23:16 | Build | House |
| 23:17 | Create | Monk |
| 23:23 | Build | House |
| 23:24 | Build | House |
| 23:26 | Create | Villager (Male) |
| 23:27 | Create | Villager (Male) |
| 23:28 | Create | Villager (Male) |
| 24:04 | Create | Villager (Male) |
| 24:05 | Create | Villager (Male) |
| 24:05 | Create | Villager (Male) |
| 24:06 | Create | Villager (Male) |
| 24:09 | Build | Farm |
Build order — ♛PePão♛
First 150 of 356 actions detected
| 0:02 | Create | Villager (Male) |
| 0:02 | Create | Villager (Male) |
| 0:02 | Create | Villager (Male) |
| 0:04 | Build | House |
| 0:06 | Build | House |
| 0:14 | Research | Loom |
| 0:39 | Build | Palisade Wall |
| 0:45 | Build | Palisade Wall |
| 0:49 | Create | Villager (Male) |
| 0:49 | Create | Villager (Male) |
| 0:49 | Create | Villager (Male) |
| 1:53 | Build | Palisade Gate |
| 2:15 | Create | Villager (Male) |
| 2:47 | Create | Villager (Male) |
| 3:23 | Create | Villager (Male) |
| 3:56 | Create | Villager (Male) |
| 4:07 | Build | Lumber Camp |
| 4:26 | Create | Villager (Male) |
| 4:44 | Create | Villager (Male) |
| 5:33 | Create | Villager (Male) |
| 5:33 | Create | Villager (Male) |
| 5:39 | Build | House |
| 7:14 | Build | House |
| 7:27 | Create | Villager (Male) |
| 7:52 | Create | Villager (Male) |
| 8:05 | Create | Villager (Male) |
| 8:06 | Create | Villager (Male) |
| 8:13 | Build | Palisade Wall |
| 8:29 | Build | Mill |
| 9:13 | Build | Mill |
| 9:15 | Create | Villager (Male) |
| 9:16 | Create | Villager (Male) |
| 9:16 | Create | Villager (Male) |
| 9:19 | Create | Villager (Male) |
| 9:19 | Create | Villager (Male) |
| 9:51 | Create | Villager (Male) |
| 11:22 | Research | Feudal Age |
| 12:10 | Build | House |
| 12:12 | Build | House |
| 12:19 | Create | Villager (Male) |
| 12:48 | Build | Mining Camp |
| 12:54 | Build | Farm |
| 12:55 | Build | Farm |
| 13:31 | Build | Barracks |
| 13:52 | Create | Villager (Male) |
| 13:55 | Age | Feudal Age |
| 14:26 | Build | Blacksmith |
| 14:30 | Build | Farm |
| 14:53 | Build | Market |
| 15:04 | Create | Villager (Male) |
| 15:04 | Create | Villager (Male) |
| 16:08 | Research | Castle Age |
| 16:38 | Build | Archery Range |
| 16:51 | Build | House |
| 16:57 | Build | Palisade Gate |
| 16:59 | Build | Palisade Gate |
| 17:02 | Build | House |
| 17:07 | Build | House |
| 17:19 | Build | Farm |
| 17:25 | Build | Farm |
| 17:30 | Build | Farm |
| 18:48 | Age | Castle Age |
| 18:52 | Build | Town Center |
| 18:55 | Create | Villager (Male) |
| 18:56 | Create | Villager (Male) |
| 18:56 | Create | Villager (Male) |
| 18:57 | Create | Villager (Male) |
| 19:00 | Research | Horse Collar |
| 19:04 | Research | Double-Bit Axe |
| 19:59 | Build | Farm |
| 20:01 | Create | Villager (Male) |
| 20:01 | Create | Villager (Male) |
| 20:02 | Create | Villager (Male) |
| 20:07 | Create | Villager (Male) |
| 20:21 | Build | Monastery |
| 20:28 | Build | University |
| 20:33 | Build | Farm |
| 20:34 | Create | Villager (Male) |
| 20:35 | Create | Villager (Male) |
| 20:36 | Create | Villager (Male) |
| 20:49 | Build | Mining Camp |
| 20:53 | Create | Villager (Male) |
| 21:10 | Create | Villager (Male) |
| 21:17 | Create | Villager (Male) |
| 21:54 | Build | Farm |
| 22:06 | Build | Siege Workshop |
| 22:30 | Create | Villager (Male) |
| 22:30 | Create | Villager (Male) |
| 22:30 | Create | Villager (Male) |
| 22:36 | Build | Farm |
| 22:37 | Build | Farm |
| 22:37 | Build | Farm |
| 22:39 | Build | Farm |
| 22:41 | Create | Villager (Male) |
| 22:50 | Build | Farm |
| 23:07 | Create | Villager (Male) |
| 23:12 | Create | Villager (Male) |
| 23:29 | Create | Villager (Male) |
| 23:58 | Research | Heavy Plow |
| 24:10 | Create | Villager (Male) |
| 24:16 | Build | Farm |
| 24:21 | Create | Villager (Male) |
| 24:27 | Create | Villager (Male) |
| 24:51 | Build | Castle |
| 24:58 | Build | Farm |
| 25:00 | Create | Villager (Male) |
| 25:02 | Create | Villager (Male) |
| 25:08 | Create | Villager (Male) |
| 25:18 | Build | House |
| 25:21 | Build | House |
| 25:32 | Research | Town Watch |
| 25:39 | Build | Farm |
| 25:52 | Research | Wheelbarrow |
| 25:56 | Create | Villager (Male) |
| 26:12 | Build | Town Center |
| 26:35 | Create | Trade Cart |
| 27:08 | Create | Mangonel |
| 27:47 | Build | Town Center |
| 28:01 | Create | Villager (Male) |
| 28:01 | Create | Villager (Male) |
| 28:02 | Create | Villager (Male) |
| 28:02 | Create | Villager (Male) |
| 28:06 | Build | Farm |
| 28:17 | Create | Villager (Male) |
| 28:17 | Create | Villager (Male) |
| 28:17 | Create | Villager (Male) |
| 28:19 | Create | Villager (Male) |
| 28:21 | Create | Villager (Male) |
| 28:24 | Create | Villager (Male) |
| 28:26 | Create | Villager (Male) |
| 28:29 | Create | Villager (Male) |
| 28:31 | Create | Villager (Male) |
| 28:32 | Create | Villager (Male) |
| 28:50 | Build | Farm |
| 28:55 | Research | Hand Cart |
| 29:03 | Create | Villager (Male) |
| 29:07 | Create | Villager (Male) |
| 29:20 | Create | Villager (Male) |
| 29:22 | Create | Villager (Male) |
| 29:35 | Build | Mill |
| 29:37 | Build | Farm |
| 29:37 | Build | Farm |
| 29:38 | Build | Farm |
| 29:42 | Build | Farm |
| 29:44 | Create | Villager (Male) |
| 29:44 | Create | Villager (Male) |
| 29:55 | Build | Farm |
| 30:02 | Build | Farm |
| 30:09 | Create | Villager (Male) |
| 30:14 | Build | Farm |
Build order — RodrigoOBOMM
First 150 of 282 actions detected
| 0:54 | Create | Villager (Male) |
| 0:55 | Create | Villager (Male) |
| 0:55 | Create | Villager (Male) |
| 1:21 | Create | Villager (Male) |
| 2:14 | Create | Villager (Male) |
| 2:25 | Build | Lumber Camp |
| 2:48 | Create | Villager (Male) |
| 3:56 | Create | Villager (Male) |
| 3:59 | Research | Loom |
| 4:03 | Create | Villager (Male) |
| 4:14 | Create | Villager (Male) |
| 4:34 | Create | Villager (Male) |
| 4:52 | Create | Villager (Male) |
| 6:01 | Create | Villager (Male) |
| 6:58 | Create | Villager (Male) |
| 7:00 | Create | Villager (Male) |
| 7:01 | Create | Villager (Male) |
| 7:28 | Create | Villager (Male) |
| 7:50 | Create | Villager (Male) |
| 7:59 | Build | Mill |
| 9:46 | Create | Villager (Male) |
| 9:47 | Create | Villager (Male) |
| 9:57 | Research | Feudal Age |
| 10:42 | Create | Villager (Male) |
| 10:43 | Create | Villager (Male) |
| 10:50 | Build | Barracks |
| 11:24 | Build | Mill |
| 12:11 | Research | Double-Bit Axe |
| 12:13 | Research | Horse Collar |
| 12:28 | Build | Mining Camp |
| 12:34 | Create | Villager (Male) |
| 12:40 | Build | Farm |
| 13:02 | Build | Farm |
| 13:07 | Create | Villager (Male) |
| 13:08 | Create | Villager (Male) |
| 13:26 | Build | Farm |
| 13:57 | Build | Farm |
| 13:59 | Create | Villager (Male) |
| 13:59 | Create | Villager (Male) |
| 14:11 | Create | Villager (Male) |
| 14:23 | Create | Villager (Male) |
| 14:30 | Build | Farm |
| 14:33 | Create | Villager (Male) |
| 14:53 | Build | Farm |
| 15:33 | Create | Villager (Male) |
| 15:38 | Build | Farm |
| 15:39 | Build | Farm |
| 16:03 | Build | Archery Range |
| 16:29 | Build | Mining Camp |
| 16:32 | Create | Villager (Male) |
| 16:33 | Create | Villager (Male) |
| 17:12 | Build | Lumber Camp |
| 17:31 | Create | Villager (Male) |
| 17:32 | Create | Villager (Male) |
| 17:37 | Create | Villager (Male) |
| 17:38 | Create | Villager (Male) |
| 17:49 | Research | Stone Mining |
| 18:33 | Build | Blacksmith |
| 18:58 | Research | Wheelbarrow |
| 19:03 | Research | Wheelbarrow |
| 20:15 | Research | Castle Age |
| 20:26 | Build | Stable |
| 20:31 | Create | Villager (Male) |
| 20:32 | Create | Villager (Male) |
| 20:34 | Create | Villager (Male) |
| 22:02 | Build | Market |
| 22:05 | Create | Villager (Male) |
| 22:41 | Research | Scale Barding Armor |
| 22:43 | Research | Forging |
| 23:10 | Build | Town Center |
| 23:18 | Build | Monastery |
| 23:24 | Build | University |
| 23:34 | Build | Town Center |
| 23:42 | Build | Farm |
| 23:59 | Build | Farm |
| 24:17 | Research | Gold Mining |
| 24:29 | Create | Villager (Male) |
| 24:30 | Create | Villager (Male) |
| 24:30 | Create | Villager (Male) |
| 24:30 | Create | Villager (Male) |
| 24:31 | Create | Villager (Male) |
| 24:31 | Create | Villager (Male) |
| 24:53 | Create | Villager (Male) |
| 24:54 | Create | Villager (Male) |
| 24:54 | Create | Villager (Male) |
| 24:54 | Create | Villager (Male) |
| 25:08 | Create | Monk |
| 25:49 | Build | Farm |
| 25:53 | Build | Farm |
| 25:56 | Research | Caravan |
| 26:34 | Build | Lumber Camp |
| 26:36 | Build | Farm |
| 26:41 | Create | Villager (Male) |
| 26:43 | Build | Farm |
| 27:09 | Create | Villager (Male) |
| 27:17 | Build | Farm |
| 28:10 | Research | Imperial Age |
| 28:16 | Research | Bow Saw |
| 28:46 | Build | Outpost |
| 28:54 | Build | Outpost |
| 28:59 | Build | Outpost |
| 29:07 | Build | Outpost |
| 29:13 | Build | Outpost |
| 29:21 | Research | Elite Skirmisher (upgrade) |
| 29:26 | Research | Pikeman (upgrade) |
| 29:27 | Research | Squires |
| 29:39 | Create | Villager (Male) |
| 29:41 | Create | Villager (Male) |
| 29:51 | Build | Farm |
| 29:51 | Build | Farm |
| 29:51 | Build | Farm |
| 30:43 | Build | Castle |
| 30:51 | Create | Villager (Male) ×5 |
| 30:53 | Create | Villager (Male) |
| 31:36 | Create | Villager (Male) |
| 31:46 | Build | Lumber Camp |
| 31:51 | Build | Lumber Camp |
| 31:55 | Create | Villager (Male) |
| 31:59 | Build | Farm |
| 31:59 | Build | Farm |
| 31:59 | Build | Farm |
| 32:03 | Build | Farm |
| 32:06 | Create | Villager (Male) ×5 |
| 32:22 | Build | Farm |
| 32:25 | Build | Farm |
| 32:49 | Build | Farm |
| 32:54 | Build | Farm |
| 33:00 | Research | Ballistics |
| 33:03 | Research | Masonry |
| 33:11 | Research | Halberdier (upgrade) |
| 33:17 | Build | Farm |
| 33:37 | Create | Spearman ×5 |
| 33:51 | Build | Farm |
| 33:55 | Create | Villager (Male) ×3 |
| 34:18 | Build | Barracks |
| 34:20 | Build | Barracks |
| 34:26 | Research | Cavalier (upgrade) |
| 34:35 | Create | Knight ×2 |
| 34:40 | Build | Farm |
| 34:45 | Create | Villager (Male) |
| 35:21 | Build | Castle |
| 35:31 | Build | Farm |
| 35:34 | Build | Farm |
| 35:52 | Create | Knight ×5 |
| 35:52 | Create | Knight ×5 |
| 35:53 | Create | Knight ×3 |
| 36:14 | Build | Stone Wall |
| 36:21 | Build | Stone Wall |
| 36:26 | Build | Gate |
| 36:27 | Build | Gate |
Build order — Evy
First 150 of 197 actions detected
| 0:20 | Create | Villager (Male) |
| 0:21 | Create | Villager (Male) |
| 0:21 | Create | Villager (Male) |
| 0:21 | Create | Villager (Male) |
| 0:21 | Create | Villager (Male) |
| 1:06 | Build | Palisade Wall |
| 1:25 | Research | Loom |
| 1:55 | Build | Palisade Wall |
| 2:51 | Build | House |
| 2:53 | Build | House |
| 2:54 | Build | House |
| 2:55 | Build | House |
| 2:56 | Build | House |
| 3:16 | Build | Palisade Wall |
| 3:31 | Build | Palisade Wall |
| 3:44 | Create | Villager (Male) |
| 3:44 | Create | Villager (Male) |
| 3:44 | Create | Villager (Male) |
| 5:29 | Create | Villager (Male) |
| 6:37 | Build | Mill |
| 8:51 | Build | Palisade Wall |
| 9:09 | Create | Villager (Male) |
| 9:10 | Create | Villager (Male) |
| 9:10 | Create | Villager (Male) |
| 10:01 | Build | Lumber Camp |
| 10:32 | Create | Villager (Male) |
| 10:32 | Create | Villager (Male) |
| 13:00 | Research | Feudal Age |
| 13:00 | Research | Feudal Age |
| 15:10 | Age | Feudal Age |
| 15:16 | Build | Stone Wall |
| 15:27 | Create | Villager (Male) |
| 15:27 | Create | Villager (Male) |
| 15:28 | Create | Villager (Male) |
| 15:38 | Research | Double-Bit Axe |
| 15:43 | Research | Horse Collar |
| 16:25 | Build | Mining Camp |
| 16:39 | Create | Villager (Male) |
| 16:40 | Create | Villager (Male) |
| 17:06 | Build | Stone Wall |
| 17:24 | Build | Farm |
| 17:59 | Create | Villager (Male) |
| 18:00 | Create | Villager (Male) |
| 18:00 | Create | Villager (Male) |
| 18:00 | Create | Villager (Male) |
| 18:57 | Build | Stone Wall |
| 19:17 | Build | Stone Wall |
| 19:23 | Build | Stone Wall |
| 19:50 | Build | Mining Camp |
| 19:56 | Create | Villager (Male) |
| 20:16 | Create | Villager (Male) |
| 20:17 | Create | Villager (Male) |
| 20:24 | Build | Farm |
| 20:35 | Build | Market |
| 20:54 | Build | Farm |
| 21:04 | Create | Villager (Male) |
| 21:05 | Create | Villager (Male) |
| 21:05 | Create | Villager (Male) |
| 21:16 | Build | House |
| 21:26 | Build | House |
| 21:28 | Build | House |
| 21:30 | Build | House |
| 21:31 | Build | House |
| 21:33 | Build | House |
| 21:34 | Build | House |
| 21:52 | Build | Farm |
| 22:11 | Build | Farm |
| 23:07 | Build | Stone Wall |
| 23:17 | Build | Blacksmith |
| 23:21 | Create | Trade Cart |
| 23:31 | Build | Farm |
| 24:03 | Research | Castle Age |
| 24:23 | Build | Stable |
| 25:42 | Build | Stone Wall |
| 26:00 | Build | House |
| 26:02 | Build | House |
| 26:04 | Build | House |
| 26:07 | Build | House |
| 26:09 | Build | House |
| 26:10 | Build | House |
| 26:11 | Build | House |
| 26:23 | Research | Stone Mining |
| 26:24 | Research | Gold Mining |
| 26:43 | Age | Castle Age |
| 26:48 | Build | Stable |
| 27:09 | Create | Villager (Male) |
| 27:09 | Create | Villager (Male) |
| 27:10 | Create | Villager (Male) |
| 27:36 | Research | Bow Saw |
| 27:41 | Research | Heavy Plow |
| 28:42 | Build | Monastery |
| 29:12 | Build | Stone Wall |
| 29:54 | Build | Town Center |
| 29:57 | Create | Monk |
| 30:10 | Build | Farm |
| 30:16 | Build | Farm |
| 30:36 | Build | Farm |
| 30:48 | Build | Farm |
| 30:48 | Build | Farm |
| 31:09 | Build | Farm |
| 32:09 | Research | Stone Shaft Mining |
| 32:09 | Research | Gold Shaft Mining |
| 32:17 | Create | Villager (Male) |
| 32:17 | Create | Villager (Male) |
| 32:17 | Create | Villager (Male) |
| 32:17 | Create | Villager (Male) |
| 32:39 | Build | Outpost |
| 33:06 | Create | Villager (Male) |
| 33:06 | Create | Villager (Male) |
| 33:06 | Create | Villager (Male) |
| 33:19 | Build | Stone Wall |
| 33:51 | Create | Battle Elephant |
| 33:52 | Create | Battle Elephant |
| 33:52 | Create | Battle Elephant |
| 33:52 | Create | Battle Elephant |
| 33:52 | Create | Battle Elephant |
| 33:53 | Create | Battle Elephant |
| 33:53 | Create | Battle Elephant |
| 34:11 | Build | Stone Wall |
| 34:22 | Research | Wheelbarrow |
| 34:42 | Create | Trade Cart |
| 34:55 | Build | Stone Wall |
| 35:20 | Create | Battle Elephant |
| 35:20 | Create | Battle Elephant |
| 35:20 | Create | Battle Elephant |
| 35:20 | Create | Battle Elephant |
| 35:40 | Build | Stone Wall |
| 36:01 | Research | Town Watch |
| 36:10 | Create | Trade Cart |
| 36:10 | Create | Trade Cart |
| 36:29 | Build | Farm |
| 36:43 | Build | Farm |
| 37:38 | Build | Stone Wall |
| 38:51 | Build | Castle |
| 39:37 | Research | Imperial Age |
| 39:59 | Build | Farm |
| 40:13 | Build | Farm |
| 40:20 | Build | Farm |
| 40:23 | Create | Villager (Male) |
| 40:24 | Create | Villager (Male) |
| 41:02 | Create | Battle Elephant |
| 41:02 | Create | Battle Elephant |
| 41:03 | Create | Battle Elephant |
| 41:03 | Create | Battle Elephant |
| 41:03 | Create | Battle Elephant |
| 41:10 | Create | Knight |
| 41:11 | Create | Knight |
| 41:34 | Build | Stone Wall |
| 42:20 | Build | Farm |
| 42:37 | Build | Farm |
Build order — F31740
First 150 of 188 actions detected
| 0:04 | Build | House |
| 0:04 | Build | House |
| 0:17 | Create | Villager (Male) |
| 0:17 | Create | Villager (Male) |
| 0:18 | Create | Villager (Male) |
| 0:18 | Create | Villager (Male) |
| 0:18 | Create | Villager (Male) |
| 2:05 | Research | Loom |
| 3:05 | Build | Palisade Wall |
| 3:35 | Build | House |
| 3:41 | Build | House |
| 3:46 | Build | House |
| 4:12 | Build | Mill |
| 4:13 | Create | Villager (Male) |
| 4:14 | Create | Villager (Male) |
| 4:14 | Create | Villager (Male) |
| 4:14 | Create | Villager (Male) |
| 4:15 | Create | Villager (Male) |
| 4:15 | Create | Villager (Male) |
| 5:14 | Build | House |
| 6:07 | Build | House |
| 6:39 | Build | Palisade Wall |
| 6:44 | Build | Palisade Wall |
| 7:41 | Build | Lumber Camp |
| 8:33 | Create | Villager (Male) ×5 |
| 10:38 | Research | Feudal Age |
| 11:10 | Build | Mill |
| 11:59 | Build | Barracks |
| 12:42 | Age | Feudal Age |
| 13:00 | Research | Double-Bit Axe |
| 13:03 | Research | Horse Collar |
| 13:26 | Create | Villager (Male) ×5 |
| 13:26 | Create | Villager (Male) |
| 14:43 | Build | Market |
| 14:51 | Create | Villager (Male) |
| 14:52 | Create | Villager (Male) |
| 14:52 | Create | Villager (Male) |
| 14:59 | Create | Villager (Male) |
| 15:06 | Build | Mining Camp |
| 15:55 | Build | Mill |
| 16:15 | Build | Stone Wall |
| 16:21 | Build | Stone Wall |
| 16:29 | Build | Stone Wall |
| 16:33 | Build | Stone Wall |
| 16:46 | Build | Stone Wall |
| 17:22 | Research | Wheelbarrow |
| 17:22 | Create | Villager (Male) ×2 |
| 18:16 | Create | Villager (Male) ×4 |
| 18:44 | Build | Stone Wall |
| 18:50 | Build | Stone Wall |
| 18:52 | Build | Stone Wall |
| 18:55 | Build | Stone Wall |
| 18:59 | Build | Stone Wall |
| 19:09 | Build | Stone Wall |
| 19:26 | Build | Stone Wall |
| 19:52 | Build | Farm |
| 19:59 | Build | Farm |
| 20:05 | Build | Farm |
| 20:10 | Build | Farm |
| 21:15 | Build | Blacksmith |
| 21:20 | Build | Lumber Camp |
| 21:32 | Research | Castle Age |
| 21:54 | Build | Stone Wall |
| 21:56 | Build | Stone Wall |
| 23:00 | Build | Mining Camp |
| 23:12 | Build | Stable |
| 23:20 | Build | House |
| 23:23 | Build | House |
| 23:24 | Build | House |
| 23:25 | Build | House |
| 23:25 | Build | House |
| 23:26 | Build | House |
| 23:48 | Build | Stone Wall |
| 23:57 | Age | Castle Age |
| 24:08 | Build | Stone Wall |
| 24:11 | Build | Stone Wall |
| 24:18 | Build | Stone Wall |
| 24:48 | Build | Watch Tower |
| 25:31 | Research | Stone Mining |
| 25:32 | Research | Gold Mining |
| 25:48 | Build | Town Center |
| 26:06 | Create | Camel Scout ×5 |
| 26:11 | Create | Camel Scout ×2 |
| 26:24 | Research | Scale Barding Armor |
| 26:25 | Research | Scale Mail Armor |
| 26:39 | Research | Forging |
| 28:02 | Create | Villager (Male) ×2 |
| 28:46 | Create | Camel Scout |
| 29:19 | Build | Barracks |
| 30:17 | Build | Barracks |
| 30:32 | Research | Pikeman (upgrade) |
| 31:49 | Build | Stable |
| 32:22 | Build | Monastery |
| 32:24 | Build | University |
| 32:33 | Build | Farm |
| 32:33 | Build | Farm |
| 32:33 | Build | Farm |
| 32:33 | Build | Farm |
| 32:34 | Build | Farm |
| 32:34 | Build | Farm |
| 32:34 | Build | Farm |
| 32:35 | Build | Farm |
| 32:37 | Build | Farm |
| 32:37 | Build | Farm |
| 32:37 | Build | Farm |
| 32:38 | Build | Farm |
| 32:38 | Build | Farm |
| 32:40 | Create | Villager (Male) |
| 32:40 | Create | Villager (Male) |
| 32:41 | Create | Villager (Male) ×2 |
| 34:17 | Build | Stable |
| 34:18 | Build | Stable |
| 35:36 | Create | Camel Scout ×5 |
| 35:40 | Research | Husbandry |
| 35:43 | Create | Knight ×2 |
| 36:24 | Research | Heavy Plow |
| 38:43 | Create | Camel Scout ×5 |
| 38:45 | Create | Camel Scout ×5 |
| 38:46 | Create | Camel Scout ×2 |
| 39:01 | Build | Stable |
| 39:07 | Build | Stable |
| 39:22 | Create | Villager (Male) ×4 |
| 39:36 | Build | Farm |
| 39:36 | Build | Farm |
| 39:36 | Build | Farm |
| 39:36 | Build | Farm |
| 39:37 | Build | Farm |
| 39:37 | Build | Farm |
| 39:37 | Build | Farm |
| 39:37 | Build | Farm |
| 39:38 | Build | Farm |
| 39:38 | Build | Farm |
| 39:38 | Build | Farm |
| 39:39 | Build | Farm |
| 39:39 | Build | Farm |
| 39:39 | Build | Farm |
| 39:39 | Build | Farm |
| 39:40 | Build | Farm |
| 41:33 | Create | Knight |
| 41:33 | Create | Knight |
| 41:33 | Create | Knight |
| 41:34 | Create | Camel Scout |
| 41:34 | Create | Camel Scout |
| 41:35 | Create | Knight |
| 41:35 | Create | Camel Scout |
| 41:35 | Create | Knight |
| 41:35 | Create | Camel Scout |
| 41:50 | Build | Castle |
| 41:56 | Create | Knight |
| 41:56 | Create | Camel Scout |
Build order — Krizao
First 150 of 596 actions detected
| 0:04 | Create | Villager (Male) |
| 0:04 | Research | Loom |
| 0:06 | Build | House |
| 0:08 | Build | House |
| 0:21 | Create | Villager (Male) |
| 0:21 | Create | Villager (Male) |
| 0:30 | Create | Villager (Male) |
| 1:17 | Build | Palisade Gate |
| 1:20 | Build | Palisade Wall |
| 1:27 | Build | Palisade Wall |
| 1:53 | Build | Palisade Wall |
| 1:55 | Build | Palisade Wall |
| 2:08 | Create | Villager (Male) |
| 2:29 | Build | Palisade Gate |
| 2:34 | Build | Palisade Wall |
| 2:36 | Build | Palisade Wall |
| 2:57 | Build | Palisade Gate |
| 3:00 | Build | Palisade Wall |
| 3:03 | Build | Palisade Wall |
| 3:08 | Create | Villager (Male) |
| 3:08 | Create | Villager (Male) |
| 3:44 | Create | Villager (Male) |
| 3:56 | Create | Villager (Male) |
| 4:50 | Build | Palisade Wall |
| 4:54 | Create | Villager (Male) |
| 4:54 | Create | Villager (Male) |
| 5:08 | Create | Villager (Male) |
| 5:19 | Build | Mining Camp |
| 5:32 | Build | House |
| 5:33 | Build | House |
| 5:35 | Build | House |
| 5:40 | Create | Villager (Male) |
| 7:06 | Build | Mill |
| 7:11 | Create | Villager (Male) |
| 7:34 | Create | Villager (Male) |
| 7:58 | Create | Villager (Male) |
| 8:21 | Create | Villager (Male) |
| 8:42 | Create | Villager (Male) |
| 8:58 | Create | Villager (Male) |
| 9:09 | Create | Villager (Male) |
| 9:51 | Build | Lumber Camp |
| 10:04 | Create | Villager (Male) |
| 10:22 | Build | House |
| 10:24 | Build | House |
| 10:35 | Research | Feudal Age |
| 10:50 | Build | Mining Camp |
| 11:33 | Create | Villager (Male) |
| 11:35 | Create | Villager (Male) |
| 11:35 | Create | Villager (Male) |
| 11:49 | Build | Mill |
| 12:45 | Age | Feudal Age |
| 13:15 | Build | Market |
| 13:27 | Research | Double-Bit Axe |
| 13:32 | Create | Villager (Male) |
| 13:52 | Build | House |
| 14:00 | Create | Villager (Male) |
| 14:11 | Build | Gate |
| 14:13 | Build | Stone Wall |
| 14:17 | Build | Stone Wall |
| 14:28 | Build | Gate |
| 14:31 | Build | Stone Wall |
| 14:33 | Build | Stone Wall |
| 14:37 | Create | Villager (Male) |
| 14:54 | Build | Blacksmith |
| 15:01 | Build | House |
| 15:02 | Build | House |
| 15:05 | Build | Gate |
| 15:10 | Create | Villager (Male) |
| 15:20 | Build | Farm |
| 15:52 | Create | Villager (Male) |
| 16:26 | Research | Castle Age |
| 16:54 | Build | Barracks |
| 17:15 | Build | Gate |
| 17:17 | Build | Stone Wall |
| 17:21 | Build | Stone Wall |
| 17:26 | Create | Villager (Male) |
| 17:58 | Build | Gate |
| 18:01 | Build | Stone Wall |
| 18:05 | Build | House |
| 18:08 | Build | Stone Wall |
| 18:16 | Build | Farm |
| 18:16 | Build | Farm |
| 18:16 | Build | Farm |
| 18:17 | Build | Farm |
| 18:22 | Research | Horse Collar |
| 18:29 | Create | Villager (Male) |
| 18:29 | Create | Villager (Male) |
| 18:43 | Create | Spearman |
| 18:43 | Create | Spearman |
| 19:06 | Age | Castle Age |
| 19:22 | Build | Town Center |
| 19:25 | Create | Villager (Male) |
| 19:25 | Create | Villager (Male) |
| 20:03 | Build | Siege Workshop |
| 20:25 | Create | Villager (Male) |
| 20:25 | Create | Villager (Male) |
| 20:37 | Build | Farm |
| 20:38 | Build | Farm |
| 20:38 | Build | Farm |
| 20:40 | Build | Farm |
| 20:40 | Build | Farm |
| 20:40 | Build | Farm |
| 20:41 | Build | Farm |
| 20:41 | Build | Farm |
| 20:44 | Create | Villager (Male) |
| 20:51 | Create | Villager (Male) |
| 20:52 | Create | Villager (Male) |
| 21:19 | Create | Mangonel |
| 21:29 | Create | Villager (Male) |
| 21:38 | Build | Farm |
| 21:44 | Build | Farm |
| 21:45 | Build | Farm |
| 21:45 | Build | Farm |
| 21:48 | Create | Villager (Male) |
| 22:15 | Create | Spearman |
| 22:15 | Create | Spearman |
| 22:31 | Create | Villager (Male) |
| 22:45 | Create | Villager (Male) |
| 23:00 | Build | Town Center |
| 23:05 | Create | Villager (Male) |
| 23:05 | Create | Villager (Male) |
| 23:32 | Build | Castle |
| 23:47 | Create | Villager (Male) |
| 23:48 | Create | Villager (Male) |
| 23:48 | Create | Villager (Male) |
| 24:04 | Build | Farm |
| 24:04 | Build | Farm |
| 24:04 | Build | Farm |
| 24:05 | Build | Farm |
| 24:05 | Build | Farm |
| 24:05 | Build | Farm |
| 24:06 | Build | Farm |
| 24:08 | Create | Villager (Male) |
| 24:15 | Create | Villager (Male) |
| 24:44 | Create | Mangonel |
| 24:46 | Create | Villager (Male) |
| 24:59 | Create | Villager (Male) |
| 25:10 | Create | Villager (Male) |
| 25:14 | Build | Farm |
| 25:14 | Build | Farm |
| 25:15 | Build | Farm |
| 25:15 | Build | Farm |
| 25:17 | Create | Villager (Male) |
| 25:17 | Create | Villager (Male) |
| 25:23 | Create | Villager (Male) |
| 25:32 | Build | Farm |
| 25:38 | Create | Villager (Male) |
| 25:58 | Create | Villager (Male) |
| 26:17 | Build | Monastery |
| 26:19 | Build | House |
Match timeline
| 0:39 | ♛PePão♛ · wall_segment Palisade Wall x10 |
| 0:45 | ♛PePão♛ · wall_segment Palisade Wall x9 |
| 1:06 | Evy · wall_segment Palisade Wall x11 |
| 1:20 | Krizao · wall_segment Palisade Wall x3 |
| 1:27 | Krizao · wall_segment Palisade Wall x3 |
| 1:53 | Krizao · wall_segment Palisade Wall x1 |
| 1:55 | Krizao · wall_segment Palisade Wall x1 |
| 1:55 | Evy · wall_segment Palisade Wall x5 |
| 2:34 | Krizao · wall_segment Palisade Wall x4 |
| 2:36 | Krizao · wall_segment Palisade Wall x5 |
| 3:00 | Krizao · wall_segment Palisade Wall x3 |
| 3:03 | Krizao · wall_segment Palisade Wall x5 |
| 3:05 | F31740 · wall_segment Palisade Wall x4 |
| 3:16 | Evy · wall_segment Palisade Wall x7 |
| 3:31 | Evy · wall_segment Palisade Wall x8 |
| 4:50 | Krizao · wall_segment Palisade Wall x1 |
| 6:39 | F31740 · wall_segment Palisade Wall x7 |
| 6:44 | F31740 · wall_segment Palisade Wall x1 |
| 8:13 | ♛PePão♛ · wall_segment Palisade Wall x1 |
| 8:51 | Evy · wall_segment Palisade Wall x8 |
| 10:50 | RodrigoOBOMM · first_building Barracks |
| 11:31 | urso · age_up feudal |
| 11:59 | F31740 · first_building Barracks |
| 12:42 | F31740 · age_up feudal |
| 12:45 | Krizao · age_up feudal |
| 13:31 | ♛PePão♛ · first_building Barracks |
| 13:55 | ♛PePão♛ · age_up feudal |
| 14:13 | Krizao · wall_segment Stone Wall x5 |
| 14:17 | Krizao · wall_segment Stone Wall x9 |
| 14:31 | Krizao · wall_segment Stone Wall x5 |
| 14:33 | Krizao · wall_segment Stone Wall x5 |
| 14:52 | urso · first_market_buy 100 wood |
| 15:10 | Evy · age_up feudal |
| 15:16 | Evy · wall_segment Stone Wall x8 |
| 15:24 | urso · age_up castle |
| 16:03 | RodrigoOBOMM · first_building Archery Range |
| 16:15 | F31740 · wall_segment Stone Wall x13 |
| 16:21 | F31740 · wall_segment Stone Wall x2 |
| 16:29 | F31740 · wall_segment Stone Wall x2 |
| 16:33 | F31740 · wall_segment Stone Wall x11 |
| 16:38 | ♛PePão♛ · first_building Archery Range |
| 16:46 | F31740 · wall_segment Stone Wall x1 |
| 16:54 | Krizao · first_building Barracks |
| 17:06 | Evy · wall_segment Stone Wall x10 |
| 17:17 | Krizao · wall_segment Stone Wall x5 |
| 17:21 | Krizao · wall_segment Stone Wall x5 |
| 18:01 | Krizao · wall_segment Stone Wall x4 |
| 18:07 | F31740 · first_market_buy 100 food |
| 18:08 | Krizao · wall_segment Stone Wall x2 |
| 18:44 | F31740 · wall_segment Stone Wall x3 |
| 18:48 | ♛PePão♛ · age_up castle |
| 18:50 | F31740 · wall_segment Stone Wall x9 |
| 18:52 | F31740 · wall_segment Stone Wall x5 |
| 18:55 | F31740 · wall_segment Stone Wall x10 |
| 18:57 | Evy · wall_segment Stone Wall x11 |
| 18:59 | F31740 · wall_segment Stone Wall x7 |
| 19:06 | Krizao · age_up castle |
| 19:09 | F31740 · wall_segment Stone Wall x14 |
| 19:17 | Evy · wall_segment Stone Wall x4 |
| 19:23 | Evy · wall_segment Stone Wall x3 |
| 19:26 | F31740 · wall_segment Stone Wall x15 |
| 20:03 | Krizao · first_building Siege Workshop |
| 20:21 | ♛PePão♛ · first_building Monastery |
| 20:26 | RodrigoOBOMM · first_building Stable |
| 20:49 | F31740 · first_market_sell 100 wood |
| 21:14 | Krizao · first_market_buy 100 wood |
| 21:38 | urso · first_building Monastery |
| 21:54 | F31740 · wall_segment Stone Wall x8 |
| 21:56 | F31740 · wall_segment Stone Wall x11 |
| 22:06 | ♛PePão♛ · first_building Siege Workshop |
| 23:07 | Evy · wall_segment Stone Wall x11 |
| 23:12 | F31740 · first_building Stable |
| 23:18 | RodrigoOBOMM · first_building Monastery |
| 23:32 | Krizao · first_building Castle |
| 23:48 | F31740 · wall_segment Stone Wall x11 |
| 23:57 | F31740 · age_up castle |
| 24:08 | F31740 · wall_segment Stone Wall x9 |
| 24:11 | F31740 · wall_segment Stone Wall x6 |
| 24:18 | F31740 · wall_segment Stone Wall x3 |
| 24:23 | Evy · first_building Stable |
| 24:51 | ♛PePão♛ · first_building Castle |
| 25:23 | urso · first_building Castle |
| 25:42 | Evy · wall_segment Stone Wall x9 |
| 26:17 | Krizao · first_building Monastery |
| 26:28 | Krizao · wall_segment Stone Wall x8 |
| 26:30 | Krizao · wall_segment Stone Wall x2 |
| 26:31 | Krizao · wall_segment Stone Wall x2 |
| 26:33 | Krizao · wall_segment Stone Wall x1 |
| 26:34 | Krizao · wall_segment Stone Wall x1 |
| 26:35 | Krizao · wall_segment Stone Wall x1 |
| 26:39 | Krizao · wall_segment Stone Wall x2 |
| 26:43 | Evy · age_up castle |
| 27:07 | urso · first_building Siege Workshop |
| 27:59 | urso · first_building Barracks |
| 28:42 | Evy · first_building Monastery |
| 29:12 | Evy · wall_segment Stone Wall x14 |
| 30:38 | urso · age_up imperial |
| 30:43 | RodrigoOBOMM · first_building Castle |
| 31:28 | Krizao · wall_segment Stone Wall x3 |
| 31:30 | Krizao · wall_segment Stone Wall x4 |
| 32:22 | F31740 · first_building Monastery |
| 33:19 | Evy · wall_segment Stone Wall x3 |
| 34:11 | Evy · wall_segment Stone Wall x2 |
| 34:55 | Evy · wall_segment Stone Wall x3 |
| 35:00 | Krizao · wall_segment Stone Wall x1 |
| 35:03 | Krizao · wall_segment Stone Wall x3 |
| 35:40 | Evy · wall_segment Stone Wall x9 |
| 36:14 | RodrigoOBOMM · wall_segment Stone Wall x12 |
| 36:21 | RodrigoOBOMM · wall_segment Stone Wall x14 |
| 36:22 | Krizao · age_up imperial |
| 36:36 | ♛PePão♛ · age_up imperial |
| 37:22 | ♛PePão♛ · first_building Stable |
| 37:38 | Evy · wall_segment Stone Wall x14 |
| 38:51 | Evy · first_building Castle |
| 41:34 | Evy · wall_segment Stone Wall x21 |
| 41:50 | F31740 · first_building Castle |
| 41:54 | urso · first_market_sell 500 food |
| 42:47 | Evy · age_up imperial |
| 43:58 | Evy · tribute_sent a jugador 1 |
| 43:58 | Evy · tribute_sent a jugador 2 |
| 43:58 | Evy · tribute_sent a jugador 3 |
| 43:58 | Evy · tribute_sent a jugador 5 |
| 43:58 | Evy · tribute_sent a jugador 6 |
| 44:01 | F31740 · tribute_sent a jugador 1 |
| 44:01 | F31740 · tribute_sent a jugador 2 |
| 44:01 | F31740 · tribute_sent a jugador 3 |
| 44:01 | F31740 · tribute_sent a jugador 4 |
| 44:01 | F31740 · tribute_sent a jugador 6 |
| 44:27 | Krizao · wall_segment Stone Wall x3 |
| 45:43 | RodrigoOBOMM · first_building Siege Workshop |
| 45:52 | Evy · wall_segment Stone Wall x6 |
| 46:02 | Evy · wall_segment Stone Wall x19 |
| 47:03 | F31740 · wall_segment Stone Wall x8 |
| 47:55 | Evy · first_market_sell 100 wood |
| 50:46 | Krizao · tribute_sent a jugador 1 |
| 50:46 | Krizao · tribute_sent a jugador 2 |
| 50:46 | Krizao · tribute_sent a jugador 3 |
| 50:46 | Krizao · tribute_sent a jugador 4 |
| 50:46 | Krizao · tribute_sent a jugador 5 |
| 51:18 | F31740 · age_up imperial |
| 51:23 | ♛PePão♛ · wall_segment Stone Wall x5 |
| 52:01 | ♛PePão♛ · resign |
[ AI ANALYSIS · 1 CREDIT ]
What really happened in this match?
Wolo.gg analyzes every decision: build order, eco, micro, common mistakes by bracket. Personalized analysis on WhatsApp or Discord in 30 seconds.
Civ guide
Celts
Perfil
Jugador #18177877